 Dungeon Crawl Stone Soup version 0.27.1-3-gb3d3a73c9e (webtiles) character file.

Game seed: 1892008579520657095

133 Elvor the Conjurer (level 4, 0/25 HPs)
             Began as a Deep Elf Conjurer on Oct 19, 2021.
             Slain by an iguana (6 damage)
             ... on level 4 of the Dungeon.
             The game lasted 00:18:28 (2743 turns).

Elvor the Conjurer (Deep Elf Conjurer)              Turns: 2743, Time: 00:18:29

Health: 0/25       AC:  4    Str:  4    XL:     4   Next: 93%
Magic:  7/11       EV: 11    Int: 24    God:
Gold:   53         SH:  0    Dex: 13    Spells: 7/10 levels left

rFire    . . .     SeeInvis .   r - +0 short sword
rCold    . . .     Faith    .   (no shield)
rNeg     . . .     Spirit   .   p - +0 leather armour
rPois    .         Reflect  .   n - +0 helmet
rElec    .         Harm     .   (no cloak)
rCorr    .         Rampage  .   (no gloves)
Will     .....                  (no boots)
Stlth    ++........             (no amulet)
HPRegen  0.08/turn              (no ring)
MPRegen  0.12/turn              (no ring)

@: no status effects
A: no striking features
a: no special abilities


You were on level 4 of the Dungeon.
You visited 1 branch of the dungeon, and saw 4 of its levels.

You collected 53 gold pieces.

Inventory:

Hand Weapons
 r - a +0 short sword (weapon)
Missiles
 c - 6 stones
 l - 16 poisoned darts
 m - 26 sling bullets
Armour
 d - a +0 tower shield
 n - a +0 helmet (worn)
 p - a +0 leather armour (worn)
Jewellery
 e - an amulet of faith
Scrolls
 g - a scroll of vulnerability {unknown}
 i - a scroll of teleportation {unknown}
 j - a scroll of enchant weapon {unknown}
 k - 3 scrolls of brand weapon {unknown}
 o - a scroll of identify {unknown}
Potions
 a - a potion of magic {unknown}
 b - a potion of mutation {unknown}
 f - a potion of invisibility {unknown}
 h - a potion of curing {unknown}
 q - a potion of attraction {unknown}


   Skills:
 * Level 1.3 Fighting
 + Level 0.4 Armour
 + Level 2.7 Dodging
 + Level 3.1 Stealth
 + Level 3.8 Spellcasting
 + Level 5.7 Conjurations


You had 7 spell levels left.
You knew the following spells:

 Your Spells              Type           Power      Damage    Failure   Level
a - Magic Dart            Conj           100%       1d8       1%          1
b - Searing Ray           Conj           64%        3d5       2%          2

Your spell library contained the following spells:

 Spells                   Type           Power      Damage    Failure   Level
 Dazzling Flash           Conj/Hex       36%        N/A       17%         3
 Fulminant Prism          Conj/Hex       9%         3d7       50%         4
 Iskenderun's Mystic Bla  Conj/Tloc      18%        2d6       50%         4


Dungeon Overview and Level Annotations

Branches:
Dungeon (4/15)
 Temple: D:4-7

Altars:


Message History

The ball python closely misses you.
You climb upwards.
There is a stone staircase leading down here.
Aiming: Magic Dart (safe; 1% risk of failure)
Press: ? - help, Q - select action, (/) - cycle Shift-Dir - straight line, f - ball python
Aim: a ball python (100% to hit)
The magic dart hits the ball python.
The ball python is severely wounded.
The ball python misses you. The ball python grabs you.
The ball python constricts you.
Aiming: Magic Dart (safe; 1% risk of failure)
Press: ? - help, Q - select action, (/) - cycle Shift-Dir - straight line, f/p - ball python
Aim: a ball python (severely wounded, constricting you, 100% to hit)
The magic dart hits the ball python.
You kill the ball python!
You start resting.
HP restored.
You start resting.
Magic restored.
You climb downwards.
The iguana bites you!
There is a stone staircase leading up, spattered with blood here.
Aiming: Magic Dart (safe; 1% risk of failure)
Press: ? - help, Q - select action, (/) - cycle Shift-Dir - straight line, f - iguana
Aim: an iguana (100% to hit)
Okay, then.
Aiming: Searing Ray (safe; 2% risk of failure)
Press: ? - help, Q - select action, (/) - cycle Shift-Dir - straight line, f - iguana
Aim: an iguana (83% to hit)
The searing ray hits the iguana.
The iguana is moderately wounded. (Press . to maintain the ray.)
The iguana misses you.
The searing ray hits the iguana but does no damage.
The iguana is moderately wounded.
The iguana bites you!
* * * LOW HITPOINT WARNING * * *
The searing ray hits the iguana!
The iguana is severely wounded.
The iguana bites you.
You die...

#..............#
#..............+
#......).......#
#..)...........#
.....#####.........#
..... #.........#
.... #.........#
.... #.....l...# ...
#....@....+
#.........###
#######....)#
#.....# #.....#
#.....# +.....#
##.....######
#.†..........


You could see an iguana.

Vanquished Creatures
  Terence (D:3)
  An iguana (D:4)
  3 adders
  A dart slug (D:2)
  An orc (D:3)
  7 ball pythons
  3 bats
  4 endoplasms
  3 giant cockroaches
  5 goblins
  5 hobgoblins
  2 jackals (D:3)
  3 kobolds
  5 quokkas
  3 rats
47 creatures vanquished.

Vanquished Creatures (others)
  A fungus (D:1)
1 creature vanquished.

Grand Total: 48 creatures vanquished

Notes
Turn   | Place    | Note
-------+----------+-------------------------------------------
     0 | D:1      | Elvor the Deep Elf Conjurer began the quest for the Orb.
     0 | D:1      | Reached XP level 1. HP: 10/10 MP: 6/6
   527 | D:1      | Found a faded altar of an unknown god.
   584 | D:1      | Reached XP level 2. HP: 15/15 MP: 5/8
   587 | D:1      | Learned a level 2 spell: Searing Ray
  1241 | D:2      | Reached skill level 5 in Conjurations
  1683 | D:2      | Reached XP level 3. HP: 20/20 MP: 6/9
  2320 | D:3      | Noticed Terence
  2372 | D:3      | Killed Terence
  2373 | D:3      | Reached skill level 1 in Fighting
  2373 | D:3      | Reached XP level 4. HP: 25/25 MP: 2/11
  2743 | D:4      | Slain by an iguana

Illustrated notes

Levels and vault maps discovered:
D:1:      shiori_arrival_maze, layout_basic, shapermc_ecumenical_altar_gd,
          feat_on_display
D:2:      layout_loops_corners
D:3:      layout_rooms, uniq_terence
D:4:      layout_gridville

Skill      XL: |  1  2  3 |
---------------+----------+-----
Conjurations   | 5 |  5.7
Fighting       | 1 |  1.3
Stealth        | 3 |  3.1
Armour         | |  0.4
Dodging        | |  2.7
Spellcasting   | |  3.8

Action                   |  1- 3 |  4- 6 || total
-------------------------+-------+-------++-------
 Cast: Magic Dart        |    51 |    17 ||    68
       Searing Ray       |     6 |     6 ||    12
Armor: Leather armour    |       |     6 ||     6
Dodge: Dodged            |     4 |    15 ||    19
